 Dungeon Crawl Stone Soup version 0.21.1-1-g345015f (webtiles) character file.

2171 keltmir the Thaumaturge (level 9, -2/45 HPs)
             Began as a Deep Elf Wizard on Apr 2, 2018.
             Was a Priest of Dithmenos.
             Slain by a killer bee (7 damage)
             ... on level 7 of the Dungeon.
             The game lasted 00:41:06 (10145 turns).

keltmir the Thaumaturge (Deep Elf Wizard)          Turns: 10145, Time: 00:41:06

Health: -2/45      AC:  3    Str:  4    XL:     9   Next: 11%
Magic:  14/25      EV: 15    Int: 27    God:    Dithmenos [***...]
Gold:   243        SH:  0    Dex: 13    Spells: 17/28 levels left

rFire    . . .     SeeInvis +   s - +1 short sword (protect)
rCold    . . .     Gourm    .   (no shield)
rNeg     . . .     Faith    .   a - +0 robe
rPois    +         Spirit   .   f - +0 helmet
rElec    .         Reflect  .   (no cloak)
rCorr    .         Harm     .   (no gloves)
MR       .....                  (no boots)
Stlth    +++++.....             (no amulet)
HPRegen  0.15/turn              m - ring of poison resistance
MPRegen  0.19/turn              t - ring of see invisible

@: about to teleport, very slightly contaminated, wreathed by umbra, drained
A: no striking features
a: Shadow Step, Renounce Religion


You were on level 7 of the Dungeon.
You worshipped Dithmenos.
Dithmenos was most pleased with you.
You were not hungry.

You visited 1 branch of the dungeon, and saw 7 of its levels.
You also visited: Sewer.

You collected 243 gold pieces.

Inventory:

Hand Weapons
 e - a +0 dagger of venom
 s - a +1 short sword of protection (weapon)
 u - a +4 vampiric short sword
Armour
 a - a +0 robe (worn)
 b - a +0 hat
 f - a +0 helmet (worn)
Jewellery
 m - a ring of poison resistance (left hand)
 t - a ring of see invisible (right hand)
 w - an uncursed amulet of guardian spirit
 C - a +3 ring of protection {unknown}
Wands
 i - a wand of iceblast (10)
 y - a wand of paralysis (14)
 D - a wand of enslavement (8)
Scrolls
 h - 5 scrolls of remove curse
 n - a scroll of magic mapping
 o - 2 scrolls of fear
 p - 4 scrolls of teleportation
 r - 2 scrolls of enchant weapon
 v - 3 scrolls of blinking
 A - 3 scrolls of identify
 B - a scroll of holy word {unknown}
 G - 2 scrolls of random uselessness {unknown}
 H - a scroll of brand weapon {unknown}
Potions
 g - 2 potions of might
 j - a potion of invisibility
 k - 2 potions of mutation
 l - 2 potions of lignification
 q - 2 potions of agility
 x - a potion of haste
 z - 3 potions of magic
 E - a potion of curing
Books
 c - a book of Minor Magic

   Spells                             Type                      Level
   a - Magic Dart                     Conjuration                  1
   b - Blink                          Translocation                2
   c - Call Imp                       Summoning                    2
   d - Slow                           Hexes                        2
   e - Conjure Flame                  Conjuration/Fire             3
   f - Mephitic Cloud                 Conjuration/Poison/Air       3
 F - a book of Misfortune

   Spells                             Type                      Level
   a - Confusing Touch                Hexes                        1
   b - Confuse                        Hexes                        3
   c - Gell's Gravitas                Translocation                3
   d - Petrify                        Transmutation/Earth          4
   e - Metabolic Englaciation         Hexes/Ice                    5
   f - Yara's Violent Unravelling     Hexes/Transmutation          5
Comestibles
 d - 13 rations
 I - 3 chunks of flesh


   Skills:
 + Level 3.6(3.4) Short Blades
 + Level 6.9(6.6) Dodging
 + Level 7.4(7.1) Stealth
 + Level 10.0(9.7) Spellcasting
 - Level 1.7(1.5) Conjurations
 * Level 5.8(5.5) Hexes
 - Level 1.1(0.8) Summonings
 - Level 1.1(0.8) Translocations


You had 17 spell levels left.
You knew the following spells:

 Your Spells              Type           Power        Failure   Level  Hunger
a - Magic Dart            Conj           ###.         2%          1    None
b - Call Imp              Summ           ###.....     4%          2    None
c - Blink                 Tloc           N/A          4%          2    None
d - Confuse               Hex            #####...     1%          3    None
e - Mephitic Cloud        Conj/Pois/Air  ###.....     11%         3    None


Dungeon Overview and Level Annotations

Branches:
Dungeon (7/15)             Temple (0/1) D:5

Altars:
Dithmenos
Fedhas
Okawaru

Shops:
D:5 *   D:7 :

Annotations:
D:7 1 runed door


Message History

Casting: Call Imp
Confirm with . or Enter, or press ? or * to list all spells.
Nothing appears to happen.
The killer bee stings your crimson imp!
Your crimson imp dies!
Casting: Call Imp
Confirm with . or Enter, or press ? or * to list all spells.
You miscast Call Imp.
You are very lightly contaminated with residual magic.
The world appears momentarily distorted.
The killer bee closely misses you.
The killer bee stings you but does no damage.
Okay, then.
As you read the scroll of teleportation, it crumbles to dust.
You feel strangely unstable. The killer bee stings you!
* * * LOW HITPOINT WARNING * * *
The killer bee closely misses you.
You feel better. The killer bee stings you!
* * * LOW HITPOINT WARNING * * *
The killer bee stings you!
You die...

####.........#
#.####.....#)#.#.#
.....5.......# #.#
#.##.##)#....
.....y######## #.#
#.##....#...#
.....5# ###
#######)#.###
......# #....(....
......# #....##.##
......####♣♣
#....##.#
..?....5.#.♣♣ ♣♣#
#....##.##
............♣♣♣♣@+
#....##...
#######.....)♣)y♣#
#.........
##.#.)♣)♣♣♣
#....##...
###♣♣♣♣♣
#......(..
#....###..
####....# #..
#.......# #..
#.......# #..
#.......# #..


You could see a killer bee.

Vanquished Creatures
  A sky beast (D:6)
  A phantom (D:5)
  3 ogres
  A centaur (D:5)
  3 bullfrogs
  A scorpion (D:7)
  A wight (D:7)
  An orc wizard (D:3)
  A bullfrog skeleton (D:3)
  2 centaur skeletons
  A hound (D:5)
  A jelly (D:6)
  Jessica (D:3)
  A worker ant (D:4)
  A killer bee zombie (D:7)
  A hound zombie (D:5)
  2 hound skeletons (D:6)
  2 gnolls (D:7)
  9 adders
  2 shadow imps
  6 orcs
  5 bats
  4 giant cockroaches
  8 goblins
  3 hobgoblins (D:1)
  3 kobolds
  5 quokkas
  A ball python (Sewer)
  14 frilled lizards
  2 quokka skeletons (D:5)
  14 rats
101 creatures vanquished.

Vanquished Creatures (collateral kills)
  Pikel (D:5)
  Menkaure (D:5)
  2 slaves (D:6)
  A phantom (D:4)
  An ogre (D:5)
  2 bullfrogs
  A scorpion (D:4)
  A killer bee (D:7)
  2 wights (D:7)
  3 crimson imps
  A hound (D:5)
  A bullfrog zombie (D:5)
  A jelly (D:5)
  An orc priest (D:3)
  Natasha (twice) (D:3)
  3 worker ants
  An iguana (D:5)
  2 orc wizards (D:3)
  2 gnolls (D:7)
  5 adders
  3 river rats (Sewer)
  An ooze (D:2)
  A dart slug (D:2)
  10 orcs
  A giant cockroach (D:2)
  4 hobgoblins
  A kobold (D:3)
55 creatures vanquished.

Grand Total: 156 creatures vanquished

Notes
Turn   | Place    | Note
-------+----------+-------------------------------------------
     0 | D:1      | keltmir the Deep Elf Wizard began the quest for the Orb.
     0 | D:1      | Reached XP level 1. HP: 10/10 MP: 7/7
   412 | D:1      | Reached XP level 2. HP: 15/15 MP: 7/9
   424 | D:1      | Learned a level 2 spell: Call Imp
   431 | D:1      | Learned a level 2 spell: Blink
  1533 | D:2      | Reached skill level 5 in Spellcasting
  1533 | D:2      | Reached XP level 3. HP: 19/19 MP: 1/11
  1888 | D:2      | Found a shadowy altar of Dithmenos.
  1913 | D:2      | Became a worshipper of Dithmenos the Shadowed
  1962 | D:2      | Found a faded altar of an unknown god.
  2457 | D:3      | Reached XP level 4. HP: 24/24 MP: 11/13
  2481 | D:3      | Noticed Natasha
  2882 | D:3      | Reached skill level 6 in Spellcasting
  3003 | D:3      | Noticed Jessica
  3011 | D:3      | Killed Jessica
  3011 | D:3      | Reached * piety under Dithmenos
  3011 | D:3      | Reached XP level 5. HP: 28/28 MP: 7/15
  3144 | D:3      | Found a glowing drain.
  3148 | Sewer    | Entered a sewer
  4131 | D:3      | Reached ** piety under Dithmenos
  4196 | D:3      | Killed Natasha
  4196 | D:3      | Reached skill level 7 in Spellcasting
  4196 | D:3      | Reached XP level 6. HP: 25/32 MP: 2/18
  4202 | D:3      | Noticed Natasha
  4297 | D:3      | Killed Natasha
  5026 | D:4      | Reached skill level 5 in Stealth
  5090 | D:4      | Reached skill level 8 in Spellcasting
  5301 | D:4      | Reached skill level 5 in Dodging
  5301 | D:4      | Reached XP level 7. HP: 36/36 MP: 18/20
  5665 | D:5      | Entered Level 5 of the Dungeon
  6016 | D:5      | Reached skill level 1 in Short Blades
  6339 | D:5      | Found a staircase to the Ecumenical Temple.
  6538 | D:5      | You fall through a shaft!
  6628 | D:6      | Reached skill level 9 in Spellcasting
  6694 | D:6      | Found a blossoming altar of Fedhas.
  6866 | D:6      | Learned a level 3 spell: Confuse
  6882 | D:6      | Reached *** piety under Dithmenos
  6913 | D:5      | Found an iron altar of Okawaru.
  6950 | D:5      | Reached skill level 1 in Hexes
  6950 | D:5      | Reached XP level 8. HP: 36/41 MP: 16/23
  7031 | D:5      | Found Gerer's Assorted Antiques.
  7328 | D:5      | Noticed Menkaure
  7342 | D:5      | Killed Menkaure
  7932 | D:6      | Noticed Pikel
  8062 | D:5      | Killed Pikel
  8469 | D:6      | Learned a level 3 spell: Mephitic Cloud
  8522 | D:7      | Found Ingeliti's Book Emporium.
  8566 | D:7      | Reached skill level 5 in Hexes
  8954 | D:7      | Reached XP level 9. HP: 37/45 MP: 14/24
  9169 | D:7      | Reached skill level 10 in Spellcasting
 10124 | D:7      | Found a runed door.
 10145 | D:7      | Slain by a killer bee

Skill      XL: |  1  2  3  4  5  6  7  8  9 |
---------------+----------------------------+-----
Stealth        | 3 4 5 6 7 |  7.4
Dodging        | 3 4 5 6 |  6.9
Spellcasting   | 5 6 7 8 9 10 | 10.0
Short Blades   | 2 3 |  3.6
Hexes          | 1 5 |  5.8
Conjurations   | |  1.7
Summonings     | |  1.1
Translocations | |  1.1

Action                   |  1- 3 |  4- 6 |  7- 9 || total
-------------------------+-------+-------+-------++-------
Melee: Dagger            |    10 |       |       ||    10
       Short sword       |       |    24 |   124 ||   148
 Cast: Magic Dart        |    76 |   110 |   121 ||   307
       Call Imp          |    23 |    44 |   101 ||   168
       Blink             |       |       |     2 ||     2
       Confuse           |       |       |     2 ||     2
  Use: Scroll            |     9 |     4 |     6 ||    19
       Potion            |       |     1 |     2 ||     3
 Stab: Sleeping          |       |     9 |    20 ||    29
       Distracted        |       |       |     2 ||     2
  Eat: Chunk             |     4 |     9 |     5 ||    18
       Ration            |       |       |     3 ||     3
Armor: Robe              |     4 |    17 |    37 ||    58
Dodge: Dodged            |    19 |    77 |   180 ||   276
